Map: Dusty Gorge

Players

Massa

  • Race: Terran Terran
  • League: Gold
  • Spawn Location: 3:00

qqq

  • Race: Zerg Zerg
  • League: Platinum
  • Spawn Location: 5:00

HerBorisT - Winner!

  • Race: Terran Terran
  • League: Platinum
  • Spawn Location: 9:00

Sbrada - Winner!

  • Race: Zerg Zerg
  • League: Diamond
  • Spawn Location: 11:00

VOD

Have the link to the VOD?

Description

Time

  • Played on: April 10, 2020, 12:01 p.m.
  • Length: 8:34
Show
View Real Time Build Order
Export as new Build Order

Massa Terran 

Build Orders:  

Get SALT Encoding   

  12  0:11  Supply Depot  
  12  0:13  SCV  
  13  0:25  SCV  
  14  0:33  Barracks  
  14  0:37  SCV  
  15  0:49  SCV  
  16  0:57  Supply Depot  
  16  1:02  SCV  
  17  1:09  Barracks  
  17  1:14  SCV  
  18  1:26  SCV  
  18  1:29  Marine  
  20  1:33  Barracks  
  20  1:39  Refinery  
  20  1:47  Marine  
  21  1:56  Marine  
  21  1:57  Barracks  
  22  2:03  Orbital Command  
  22  2:10  Marine  
  22  2:15  Marine  
  24  2:24  Supply Depot  
  24  2:27  Marine  
  24  2:28  Marine  
  26  2:32  Marine  
  26  2:34  SCV  
  28  2:44  Marine  
  28  2:46  Marine  
  28  2:50  Marine  
  32  2:54  Marine  
  33  3:02  Marine  
  33  3:03  Marine  
  34  3:08  Marine  
  34  3:12  Marine  
  36  3:14  Factory  
  34  3:20  Marine  
  34  3:21  Marine  
  34  3:26  Marine  
  37  3:30  Marine  
  38  3:38  Marine  
  39  3:48  Marine  
  39  3:50  Marine  
  39  3:51  Marine  
  39  4:22  Marine x4  
  29  4:25  Factory Tech Lab  
  28  4:40  Marine x4  
  32  4:51  SCV  
  33  4:53  Command Center, Siege Tank  
  33  4:57  Marine  
  37  5:00  Marine x2  
  39  5:07  Supply Depot  
  39  5:29  SCV, Marine x4  
  44  5:41  SCV  
  36  5:47  Marine x4  
  40  5:50  Siege Tank  
  40  5:53  SCV  
  44  6:04  Marine x3  
  44  6:05  SCV  
  44  6:08  Barracks Reactor  
  48  6:17  SCV  
  49  6:21  Engineering Bay  
  49  6:22  Cyclone, Marine x3  
  49  6:25  Refinery  
  55  6:27  SCV  
  55  6:29  SCV  
  55  6:31  Refinery  
  57  6:39  SCV  
  58  6:40  Marine x3  
  58  6:42  SCV  
  62  7:19  SCV  
  62  7:22  Marine  
  62  7:23  Marine  
  62  7:24  Marine  
  62  7:26  SCV  
  58  7:31  SCV  
  59  7:38  SCV  
  59  7:43  SCV  
  57  7:49  Siege Tank  
  57  7:50  SCV  
  51  8:06  Barracks  
  51  8:07  Barracks  
  51  8:09  Marine x2  
  51  8:10  Barracks, Marine x3  
Show
View Real Time Build Order
Export as new Build Order

qqq Zerg 

Build Orders: Hatch First 

Get SALT Encoding   

  12  0:02  Drone  
  13  0:08  Drone  
  14  0:36  Hatchery  
  13  0:52  Spawning Pool  
  13  0:55  Drone  
  13  0:58  Extractor  
  12  1:06  Drone  
  13  1:11  Overlord  
  13  1:16  Drone  
  14  1:28  Overlord  
  14  1:32  Drone  
  15  1:43  Zergling x2  
  16  1:50  Queen  
  18  1:55  Drone  
  18  2:00  Drone  
  20  2:08  Metabolic Boost  
  20  2:12  Zergling x2  
  21  2:16  Zergling x2  
  21  2:19  Zergling x2  
  23  2:23  Zergling x2  
  23  2:26  Zergling x2  
  25  2:32  Overlord  
  25  2:36  Zergling x2  
  26  2:40  Zergling x2  
  26  2:43  Zergling x2  
  28  2:46  Zergling x2  
  29  2:54  Zergling x2  
  29  2:56  Zergling x2  
  31  3:06  Zergling x4  
  31  3:07  Zergling x2  
  31  3:10  Overlord  
  34  3:25  Zergling x4  
  34  3:26  Zergling x4  
  37  3:56  Zergling x4  
  37  3:57  Zergling x8  
  42  4:08  Roach Warren  
  32  4:13  Zergling x2  
  32  4:14  Zergling x8  
  35  4:28  Zergling x2  
  35  4:29  Zergling x2  
  31  4:43  Queen  
  33  4:46  Drone x2  
  33  4:49  Roach  
  33  4:50  Roach  
  39  5:00  Overlord  
  39  5:02  Drone  
  40  5:10  Extractor  
  37  5:23  Roach x2  
  37  5:24  Drone x3  
  38  5:40  Roach x2  
  38  5:41  Drone  
  38  5:49  Roach  
  40  5:56  Drone  
  41  5:57  Roach  
  43  6:06  Roach  
  45  6:14  Roach  
  45  6:16  Roach  
  49  6:26  Drone  
  49  6:30  Ravager x2  
  49  6:32  Hatchery  
  51  6:35  Overlord  
  51  6:41  Drone  
  51  6:46  Overlord  
  52  6:56  Lair  
  52  7:13  Roach x4  
Show
View Real Time Build Order
Export as new Build Order

HerBorisT Terran - Winner!

Build Orders:  

Get SALT Encoding   

  12  0:01  SCV  
  13  0:13  SCV  
  14  0:18  Supply Depot  
  14  0:25  SCV  
  15  0:40  SCV  
  15  0:42  Barracks  
  16  0:52  SCV  
  17  0:57  Barracks  
  17  1:02  Refinery  
  17  1:05  SCV  
  18  1:17  SCV  
  19  1:29  SCV  
  20  1:41  Supply Depot  
  20  1:54  Command Center  
  20  2:03  Reaper  
  20  2:05  Reaper  
  22  2:09  Orbital Command  
  22  2:25  Barracks  
  22  2:35  Barracks  
  22  2:42  Refinery  
  22  2:52  SCV  
  22  2:56  Barracks Tech Lab  
  23  3:04  SCV  
  24  3:10  Barracks Tech Lab  
  24  3:12  SCV  
  24  3:23  Marine  
  24  3:24  Marine x2  
  26  3:30  Marine  
  28  3:41  SCV, Bunker, Marine x3  
  28  3:47  Marine  
  32  3:59  Marine x3  
  26  4:05  Marine  
  26  4:10  SCV  
  27  4:17  Marine x3  
  27  4:20  SCV  
  27  4:22  SCV  
  27  4:23  Marine  
  31  4:32  Combat Shield  
  31  4:35  Marine x3  
  31  4:37  SCV  
  35  4:41  Marine  
  35  4:43  Bunker  
  36  4:48  SCV  
  36  4:52  Marine  
  37  4:57  Supply Depot  
  38  5:06  Orbital Command  
  38  5:07  SCV, Marine x3  
  38  5:12  Supply Depot  
  42  5:15  Marine  
  43  5:25  Marine x2  
  41  5:35  Marine  
  41  5:36  Marine  
  42  5:42  Marine x2  
  42  5:43  SCV x2  
  46  5:53  Marine x2  
  46  5:55  SCV x2  
  50  6:00  Marine  
  51  6:07  SCV  
  51  6:09  Factory  
  52  6:12  Barracks Reactor  
  52  6:13  SCV  
  52  6:15  Marine  
  54  6:19  SCV  
  54  6:22  Barracks  
  55  6:25  Barracks Reactor  
  55  6:31  SCV x2  
  57  6:32  Marine  
  57  6:37  Marine  
  59  6:43  SCV  
  59  6:44  SCV  
  61  6:50  Marine  
  61  6:51  Command Center  
  62  6:57  Marine  
  62  7:00  Supply Depot  
  63  7:04  Factory Reactor  
  63  7:11  Marine  
  63  7:12  SCV  
  65  7:16  Barracks Reactor  
  63  7:22  Supply Depot  
  59  7:30  Marine x5  
  59  7:34  Marine  
  50  8:10  SCV x2  
  48  8:22  SCV x2  
Show
View Real Time Build Order
Export as new Build Order

Sbrada Zerg - Winner!

Build Orders: Hatch First, Zergling Baneling 

Get SALT Encoding   

  12  0:01  Drone  
  13  0:13  Overlord  
  13  0:20  Drone  
  14  0:31  Drone x2  
  17  0:35  Drone  
  17  0:55  Hatchery  
  16  0:58  Drone  
  16  1:02  Extractor  
  16  1:03  Drone  
  17  1:20  Spawning Pool  
  17  1:22  Drone  
  17  1:27  Drone  
  17  1:29  Drone  
  19  1:40  Overlord  
  19  2:06  Metabolic Boost  
  19  2:07  Queen  
  21  2:09  Queen  
  21  2:13  Zergling x2  
  21  2:14  Zergling x2  
  25  2:22  Drone x2  
  27  2:24  Drone  
  27  2:27  Drone  
  29  2:30  Zergling x2  
  30  2:40  Overlord  
  30  2:47  Queen  
  32  2:55  Baneling Nest  
  31  3:05  Drone  
  31  3:06  Drone x3  
  31  3:07  Drone  
  36  3:19  Zergling x2  
  37  3:20  Zergling x6  
  40  3:28  Overlord  
  40  3:38  Baneling x2  
  40  3:39  Baneling x2  
  40  3:40  Zergling x6  
  40  3:41  Zergling x2  
  44  3:51  Zergling x2  
  44  3:52  Zergling x6  
  46  4:21  Zergling x12  
  46  4:24  Baneling x2  
  49  4:29  Spine Crawler  
  45  4:32  Spine Crawler  
  44  4:41  Baneling  
  44  4:42  Baneling x2  
  44  4:53  Drone x6  
  44  4:54  Lair  
  50  5:08  Extractor  
  50  5:10  Extractor  
  45  5:23  Overlord x3  
  45  5:34  Zergling x2  
  45  5:35  Zergling x12  
  51  5:39  Hatchery  
  47  5:45  Drone x3  
  47  5:46  Drone  
  51  6:02  Extractor  
  51  6:03  Drone x3  
  53  6:10  Spire  
  52  6:12  Overseer  
  52  6:16  Drone x3  
  55  6:36  Drone x6  
  55  6:37  Drone  
  62  6:56  Spine Crawler  
  62  6:59  Spine Crawler  
  60  7:23  Mutalisk x3  
  60  7:24  Mutalisk x4  
  60  7:26  Mutalisk  
  76  7:30  Overlord x2  
  76  7:34  Zergling x2  
  76  7:35  Zergling x10  
  82  7:38  Baneling x4  
  82  8:06  Zergling x26  
Tags
 
Add a new tag
Caveats
  • Supply blocks, unpowered buildings, or Contaminate may cause inaccurate times.
  • Supply counts are checked every 10 seconds.